 Dungeon Crawl Stone Soup version 0.28.0-53-g5a82cb258f (webtiles) character file.

Game seed: 4724286612938311076

21497 Peloso the Fencer (level 12, -4/111 HPs)
             Began as a Minotaur Fighter on July 27, 2022.
             Was a High Priest of Okawaru.
             Slain by an entropy weaver simulacrum (15 damage)
             ... in an ice cave.
             The game lasted 00:39:19 (16011 turns).

Peloso the Fencer (Minotaur Fighter)               Turns: 16011, Time: 00:39:19

Health: -4/111     AC: 25    Str: 31    XL:     12   Next: 54%
Magic:  12/13      EV: 11    Int:  5    God:    Okawaru [*****.]
Gold:   760        SH:  7    Dex: 11    Spells: 11/11 levels left

rFire   . . .      SeeInvis .   a - +5 scimitar
rCold   + . .      Faith    .   c - +0 buckler
rNeg    . . .      Spirit   .   e - +2 plate armour {rC+}
rPois   .          Reflect  .   J - +2 hat
rElec   .          Harm     .   B - +1 cloak
rCorr   .          Rampage  .   (no gloves)
Will    .....                   (no boots)
Stlth   ..........              (no amulet)
HPRegen 0.28/turn               n - ring of Suicidal Tendencies {Wiz Fly}
MPRegen 0.13/turn               u - +6 ring of strength

@: heroic, on berserk cooldown, flying, slowed, very slow
A: horns 2, retaliatory headbutt
a: Renounce Religion, Heroism, Finesse, Duel


You were in an ice cave.
You worshipped Okawaru.
Okawaru was extremely pleased with you.
You visited 3 branches of the dungeon, and saw 13 of its levels.
You also visited: Bailey and Ice Cave.

You collected 786 gold pieces.
You spent 26 gold pieces at shops.

Inventory:

Hand Weapons
 a - a +5 scimitar (weapon)
 b - a +1 scimitar of flaming
Armour
 c - a +0 buckler (worn)
 e - a +2 plate armour of cold resistance (worn)
 f - the +6 plate armour of Afoqekept {rElec rF- Int+8 SInv}
   (Okawaru gifted it to you on level 10 of the Dungeon)

   Int:       It affects your intelligence (+8).
   rF:        It makes you vulnerable to fire.
   rElec:     It insulates you from electricity.
   SInv:      It lets you see invisible.
 B - a +1 cloak (worn)
 D - the +9 plate armour of the Orb Guardian {Int+5}
   (Okawaru gifted it to you in an ice cave)

   Int:       It affects your intelligence (+5).
 J - a +2 hat (worn)
Jewellery
 n - the ring of Suicidal Tendencies (left hand) {Wiz Fly}
   (You found it on level 5 of the Dungeon)

   [ring of wizardry]

   It improves your spell success rate.
   Fly:       It grants you flight.
 q - a ring of resist corrosion
 r - a +6 ring of intelligence
 u - a +6 ring of strength (right hand)
 y - a ring of magical power
 F - a +6 ring of intelligence
Wands
 i - a wand of flame (7)
 l - a wand of mindburst (21)
 w - a wand of digging (5)
 C - a wand of paralysis (11)
 E - a wand of polymorph (5)
 I - a wand of acid (7)
Scrolls
 h - 5 scrolls of fog
 k - 2 scrolls of fear
 m - 2 scrolls of amnesia
 s - a scroll of torment {unknown}
 A - a scroll of enchant armour
Potions
 d - 2 potions of might
 g - 3 potions of heal wounds
 j - 2 potions of flight
 o - 2 potions of brilliance
 p - a potion of cancellation {unknown}
 v - 5 potions of curing
 x - a potion of resistance
 z - 2 potions of invisibility {unknown}
 G - a potion of magic


   Skills:
 + Level 11.7(16.7) Fighting
 + Level 15.6(20.6) Long Blades
 + Level 13.2(18.2) Armour
 + Level 2.8(7.8) Dodging
 + Level 1.2(6.2) Stealth
 + Level 9.1(14.1) Shields
 + Level 3.3 Invocations
 + Level 1.5 Evocations


You had 11 spell levels left.
You didn't know any spells.
Your spell library contained the following spells:

 Spells                   Type           Power      Damage    Failure   Level
 Slow                     Hex            0%         N/A       69%         1
 Sting                    Tmut/Pois      0%         1d3       69%         1
 Poisonous Vapours        Pois/Air       0%         N/A       82%         2
 Confusing Touch          Hex            0%         N/A       95%         3
 Vampiric Draining        Necr           0%         2d6       95%         3
 Olgreb's Toxic Radiance  Pois           0%         N/A       100%        4
 Petrify                  Tmut/Erth      0%         N/A       100%        4
 Metabolic Englaciation   Hex/Ice        0%         N/A       100%        5
 Statue Form              Tmut/Erth      0%         N/A       100%        6


Dungeon Overview and Level Annotations

Branches:
Dungeon (11/15)            Temple (1/1) D:5            Lair (1/6) D:8
    Orc (0/2) D:11         Bailey (visited)           IceCv (1/1)

Altars:
Ashenzari
Cheibriados
Dithmenos
Elyvilon
Fedhas
Gozag
Hepliaklqana
Kikubaaqudgha
Makhleb
Nemelex Xobeh
Okawaru
Qazlal
Ru
Sif Muna
Trog
Uskayaw
Vehumet
Wu Jian
Xom
Yredelemnul
Zin
The Shining One

Shops:
D:4 ::?


Innate Abilities, Weirdness & Mutations

You have a pair of horns on your head.
You reflexively headbutt those who attack you in melee.


Message History

You block the reaper's attack.
You slash the reaper!
The reaper is heavily wounded.
You barely miss the reaper.
The reaper is heavily wounded.
The reaper hits you with a +1 scythe of freezing!!
* * * LOW HITPOINT WARNING * * *
The reaper freezes you.
* * * LOW HITPOINT WARNING * * *
You barely miss the reaper.
The reaper is heavily wounded.
You slice the reaper!! You headbutt the reaper.
You kill the reaper!
Okawaru is honoured by your kill.
You see here a +1 scythe of freezing.
You feel a strong urge to attack something.
You are no longer berserk.
You are exhausted.
You feel yourself slow down.
You slash the entropy weaver simulacrum!
The entropy weaver simulacrum is moderately damaged.
You block the entropy weaver simulacrum's attack. x2
The entropy weaver simulacrum hits you.
* * * LOW HITPOINT WARNING * * *
The entropy weaver simulacrum freezes you!!
You resist.
* * * LOW HITPOINT WARNING * * *
You block the entropy weaver simulacrum's attack.
You feel much better.
The entropy weaver simulacrum hits you but does no damage. x4
The entropy weaver simulacrum hits you.
* * * LOW HITPOINT WARNING * * *
The entropy weaver simulacrum freezes you!
You resist.
* * * LOW HITPOINT WARNING * * *
The entropy weaver simulacrum hits you.
* * * LOW HITPOINT WARNING * * *
The entropy weaver simulacrum freezes you!
You resist.
You die...

#" .$ ##### .###
####.Z)### Z..##
###...@#...## ZZ..#
##.....####..###2..#
###.....#####..##2..#
##....######...##.°###
##....## #.....###2.#
##...### ##[.)#.#.###
#..######### ######.##
##...##....### ###
####....#...###


You could see an entropy weaver simulacrum.

Vanquished Creatures
  A reaper (IceCv)
  A boulder beetle (D:11)
  Erolcha (D:11)
  Erica (D:10)
  2 two-headed ogres (D:10)
  A centaur warrior (D:10)
  Sonja (D:11)
  A manticore (D:10)
  Maurice (D:8)
  A black mamba (Lair:1)
  An ice statue (IceCv)
  Maggie (D:8)
  A kobold demonologist (D:11)
  Psyche (D:8)
  A gargoyle (D:11)
  2 unseen horrors
  A komodo dragon (D:10)
  A komodo dragon (shapeshifter) (D:11)
  2 entropy weaver simulacra (IceCv)
  2 ice devils (IceCv)
  2 trolls (D:10)
  A hornet (D:10)
  A slime creature (D:10)
  Prince Ribbit (D:8)
  12 yaks
  2 wyverns (D:9)
  A vampire (D:9)
  3 wraiths
  3 death yak simulacra (IceCv)
  3 vampire mosquitoes
  Grum (D:10)
  2 steam dragons (D:9)
  Edmund (D:5)
  A harpy simulacrum (IceCv)
  2 acid dragons
  2 water moccasins
  13 orc warriors
  2 black bears
  A necrophage (D:5)
  An ice beast (D:7)
  4 sky beasts
  3 wolves (D:10)
  2 ogres
  5 centaurs
  2 kobold brigands
  2 bullfrogs
  A scorpion (D:7)
  5 two-headed ogre simulacra (IceCv)
  2 gnoll sergeants (D:10)
  A water moccasin zombie (D:5)
  A wyvern skeleton (D:5)
  A water moccasin skeleton (D:6)
  2 elephant simulacra (IceCv)
  8 killer bees (D:10)
  6 wights
  A bullfrog zombie (D:5)
  8 centaur zombies
  3 hounds
  A gnoll shaman (D:9)
  An orc priest (D:7)
  A bullfrog skeleton (D:4)
  A jelly (D:6)
  2 centaur skeletons
  An iguana (D:5)
  8 orc wizards
  Ijyb (D:5)
  5 spriggan simulacra (IceCv)
  7 troll simulacra (IceCv)
  A polar bear simulacrum (IceCv)
  A wolf simulacrum (IceCv)
  4 hound skeletons
  A howler monkey zombie (D:10)
  A howler monkey skeleton (D:7)
  9 gnolls
  4 adders
  5 naga simulacra (IceCv)
  18 white imps
  6 ufetubi
  2 worms (D:2)
  38 orcs
  7 ball pythons
  An endoplasm (D:3)
  3 giant cockroaches
  13 goblins
  10 hobgoblins
  2 jackals (D:3)
  5 quokkas
  7 bats
  20 kobolds
  2 rats
324 creatures vanquished.

Vanquished Creatures (others)
  A human (D:3)
  9 plants
10 creatures vanquished.

Grand Total: 334 creatures vanquished

Notes
Turn   | Place    | Note
-------+----------+-------------------------------------------
     0 | D:1      | Peloso the Minotaur Fighter began the quest for the Orb.
     0 | D:1      | Reached XP level 1. HP: 19/19 MP: 0/0
   252 | D:1      | Reached XP level 2. HP: 27/27 MP: 1/1
   700 | D:2      | Found a faded altar of an unknown god.
   874 | D:2      | Reached skill level 3 in Long Blades
  1033 | D:2      | Reached XP level 3. HP: 32/33 MP: 2/2
  1052 | D:2      | Noticed a black bear
  1067 | D:2      | HP: 1/33 [black bear (5)]
  1068 | D:2      | Killed a black bear
  1069 | D:2      | Reached skill level 4 in Long Blades
  1069 | D:2      | Reached XP level 4. HP: 2/40 MP: 3/3
  1545 | D:3      | Reached XP level 5. HP: 45/46 MP: 4/4
  1547 | D:3      | Reached skill level 1 in Dodging
  1651 | D:3      | Found an ornate altar of the Wu Jian Council.
  1758 | D:3      | Found an ancient bone altar of Kikubaaqudgha.
  1771 | D:3      | Noticed a human
  1772 | D:3      | Killed a human
  1943 | D:3      | Found an opulent altar of Gozag.
  1943 | D:3      | Found a snail-covered altar of Cheibriados.
  2034 | D:4      | Reached skill level 5 in Armour
  2189 | D:4      | Found Olurir's Book Shoppe.
  2457 | D:4      | Reached XP level 6. HP: 44/53 MP: 5/5
  2561 | D:4      | Reached skill level 5 in Long Blades
  2792 | D:4      | Found Xomome's Book Shoppe.
  2923 | D:4      | Found Baoffa's Magic Scroll Boutique.
  2931 | D:4      | Bought a scroll of fog for 26 gold pieces
  3029 | D:5      | Entered Level 5 of the Dungeon
  3088 | D:5      | Found a staircase to the Ecumenical Temple.
  3091 | D:5      | Noticed Ijyb
  3093 | Temple   | Entered the Ecumenical Temple
  3579 | D:5      | Paralysed by Ijyb for 6 turns
  3594 | D:5      | Killed Ijyb
  3595 | D:5      | Reached XP level 7. HP: 19/60 MP: 6/6
  3602 | D:5      | Reached skill level 6 in Long Blades
  3813 | D:5      | Identified the ring of Suicidal Tendencies {Wiz Fly}
  3962 | D:5      | Reached skill level 5 in Fighting
  4281 | D:5      | Reached skill level 7 in Long Blades
  4484 | D:5      | Noticed Edmund
  4505 | D:5      | Killed Edmund
  4923 | D:5      | Reached skill level 5 in Shields
  4923 | D:5      | Reached XP level 8. HP: 69/69 MP: 7/7
  4966 | D:5      | Found an iron altar of Okawaru.
  4966 | D:5      | Found a bloodstained altar of Trog.
  4976 | D:5      | Became a worshipper of Warmaster Okawaru
  5393 | D:6      | Reached skill level 8 in Long Blades
  6223 | D:7      | Reached skill level 9 in Long Blades
  6226 | D:7      | Reached * piety under Okawaru
  6708 | D:7      | Found a broken altar of Ashenzari.
  6819 | D:7      | Reached skill level 10 in Long Blades
  6819 | D:7      | Reached XP level 9. HP: 70/78 MP: 8/8
  6882 | D:7      | Found a hide-covered altar of Uskayaw.
  7009 | D:7      | Found a shimmering blue altar of Sif Muna.
  7618 | D:8      | Noticed Maggie
  7648 | D:8      | Killed Maggie
  7648 | D:8      | Reached ** piety under Okawaru
  7788 | D:8      | Found a staircase to the Lair.
  7964 | D:8      | Noticed Psyche
  7967 | D:8      | Noticed Prince Ribbit
  7974 | D:8      | Killed Psyche
  7975 | D:8      | Reached skill level 11 in Long Blades
  7977 | D:8      | Killed Prince Ribbit
  7977 | D:8      | Reached *** piety under Okawaru
  8050 | D:8      | Found a hazy altar of Hepliaklqana.
  8340 | D:8      | Noticed Maurice
  8361 | D:8      | Killed Maurice
  9096 | D:9      | Reached skill level 1 in Invocations
  9159 | D:9      | Reached XP level 10. HP: 41/88 MP: 9/9
  9568 | D:9      | Reached skill level 1 in Evocations
  9570 | D:9      | Received a gift from Okawaru
  9571 | D:9      | Reached skill level 12 in Long Blades
  9571 | D:9      | Reached skill level 10 in Armour
 10039 | D:10     | Entered Level 10 of the Dungeon
 10047 | D:10     | Noticed Grum
 10061 | D:10     | Killed Grum
 10083 | D:10     | Noticed Erica
 10112 | D:10     | Killed Erica
 10112 | D:10     | Reached **** piety under Okawaru
 10120 | D:10     | Noticed a two-headed ogre
 10133 | D:10     | Killed a two-headed ogre
 10143 | D:10     | Reached skill level 13 in Long Blades
 10338 | D:10     | Found a flagged portal.
 10354 | Bailey   | Entered a bailey
 10586 | Bailey   | Reached XP level 11. HP: 35/97 MP: 8/11
 11021 | D:10     | Reached ***** piety under Okawaru
 11125 | D:10     | Noticed a two-headed ogre
 11131 | D:10     | Killed a two-headed ogre
 11141 | D:10     | Reached skill level 14 in Long Blades
 11241 | D:10     | Noticed a centaur warrior
 11249 | D:10     | Killed a centaur warrior
 11254 | D:10     | Received a gift from Okawaru
 11651 | D:10     | Identified the +6 plate armour of Afoqekept {rElec rF-
                  | Int+8 SInv} (Okawaru gifted it to you on level 10 of the
                  | Dungeon)
 11651 | D:10     | Received a gift from Okawaru
 11652 | D:10     | Reached skill level 10 in Fighting
 13108 | D:11     | Noticed Sonja
 13110 | D:11     | Killed Sonja
 13111 | D:11     | Reached skill level 1 in Stealth
 13111 | D:11     | Reached XP level 12. HP: 105/108 MP: 13/13
 13120 | D:11     | Reached skill level 15 in Long Blades
 13347 | D:11     | Noticed a boulder beetle
 13383 | D:11     | Killed a boulder beetle
 13603 | D:11     | Found a staircase to the Orcish Mines.
 13653 | D:11     | Noticed Erolcha
 13658 | D:11     | Killed Erolcha
 13755 | Lair:1   | Entered Level 1 of the Lair of Beasts
 13755 | Lair:1   | Found a frozen archway.
 13791 | IceCv    | Entered an ice cave
 14007 | IceCv    | Identified the +9 plate armour of the Orb Guardian {Int+5}
                  | (Okawaru gifted it to you in an ice cave)
 14007 | IceCv    | Received a gift from Okawaru
 15131 | IceCv    | Noticed a reaper
 16005 | IceCv    | Killed a reaper
 16011 | IceCv    | Slain by an entropy weaver simulacrum

Illustrated notes

Levels and vault maps discovered:
D:1:      scummos_arrival_forest, layout_loops_ring,
          nicolae_figureground_sparkle
D:2:      layout_rooms, ebering_ecumenical_altar_hall, minmay_pentomino_t4
D:3:      layout_rooms, tgw_kikubaaqudgha, marbit_many_paths,
          gammafunk_temple_overflow_elements
D:4:      layout_gridville, serial_shops, shop, nicolae_shop_waterfront, shop,
          minmay_unequal
D:5:      layout_basic, grunt_temple_overflow_bloody_war, temple_doors_e,
          uniq_ijyb, uniq_edmund
D:6:      layout_basic
D:7:      layout_cave_pods, nicolae_ashenzari_skybound, tgw_sif,
          mainiacjoe_overflow_six_doors_small, dk_noncrumbling_3,
          kennysheep_generic_room_12
D:8:      layout_basic, nicolae_overflow_crystal_walls, lair_entry_dummy,
          hangedman_decor_push, uniq_psyche, uniq_maggie, uniq_maurice,
          uniq_prince_ribbit1
D:9:      layout_roguey, chequers_serial_rivers_micro_c,
          minmay_misc_feat_plants, hangedman_misty_isle
D:10:     nzn_winding_woodlands_medium [nzn_winding_woodlands_5x5_cross,
          nzn_winding_woodlands_5x15_sidewinder,
          nzn_winding_woodlands_5x5_open_star,
          nzn_winding_woodlands_5x5_checkerboard,
          nzn_winding_woodlands_center_garden, nzn_winding_woodlands_5x5_three,
          nzn_winding_woodlands_5x5_closed_star,
          nzn_winding_woodlands_5x15_concentric,
          nzn_winding_woodlands_5x5_perimeter], layout_basic, enter_bailey_3,
          uniq_erica, uniq_grum
D:11:     kennysheep_six_static_rooms, layout_stronghold, uniq_erolcha,
          uniq_sonja
Temple:   minmay_temple_forest_path
Lair:1:   layout_hall_layers, portal_ice_cave_entry_imps
IceCv:    ice_cave_caverns_01

Skill      XL: |  1  2  3  4  5  6  7  8  9 10 11 12 |
---------------+-------------------------------------+-----
Armour         | 4 5 6 7 9 11 12 13 | 13.2
Long Blades    | 3 4 5 7 10 11 13 14 15 | 15.6
Fighting       | 4 5 6 7 9 10 11 | 11.7
Shields        | 4 5 6 8 9 |  9.1
Dodging        | 1 2 |  2.8
Invocations    | 1 3 |  3.3
Evocations     | 1 |  1.5
Stealth        | 1 |  1.2

Action                   |  1- 3 |  4- 6 |  7- 9 | 10-12 || total
-------------------------+-------+-------+-------+-------++-------
Melee: Long sword        |    65 |   114 |   277 |       ||   456
       Headbutt          |    12 |    20 |    61 |    96 ||   189
       Scimitar          |       |       |    19 |   523 ||   542
Invok: Heroism           |       |       |     4 |    20 ||    24
Evoke: Wand              |       |       |     8 |     9 ||    17
  Use: Scroll            |       |     3 |     2 |    15 ||    20
       Potion            |       |       |     1 |     6 ||     7
Armor: Scale mail        |    52 |    28 |       |       ||    80
       Plate armour      |       |    54 |   142 |   342 ||   538
Dodge: Dodged            |    41 |    53 |    88 |   197 ||   379
Block: Buckler           |    19 |    29 |    64 |   135 ||   247
